 Dungeon Sprint DCSS version 0.21-a0-278-ga722497 (webtiles) character file.

8047 potatolord6000 the Severer (level 11, -2/111 HPs)
             Began as a Hill Orc Fighter on Sept 21, 2017.
             Was a High Priest of Beogh.
             Slain by a shadow wraith (11 damage)
             ... in the Dungeon (Sprint VII: "The Pits").
             The game lasted 00:06:18 (2117 turns).

potatolord6000 the Severer (Hill Orc Fighter)       Turns: 2117, Time: 00:06:19

Health: -2/111     AC: 16    Str: 26    XL:     11   Next: 24%
Magic:  13/22      EV: 16    Int: 13    God:    Beogh [*****.]
Gold:   0          SH: 14    Dex: 15    Spells: 10/10 levels left

rFire    . . .     SeeInvis .   t - +2 war axe (freeze)
rCold    . . .     Gourm    .   c - +0 shield
rNeg     . . .     Faith    .   a - +4 chain mail
rPois    .         Spirit   .   (no helmet)
rElec    .         Reflect  .   (no cloak)
rCorr    .         Harm     .   (no gloves)
MR       .....     NoTele   +   (no boots)
Stlth    ..........             (no amulet)
HPRegen  0.28/turn              b - +3 ring of evasion
MPRegen  0.18/turn              h - +3 ring of strength

@: brilliant, agile, lethally poisoned (-2 -> -45), slowed, very slow
A: walk on water
a: Smiting, Recall Orcish Followers, Give Item to Named Follower, Renounce
Religion


You were in the Dungeon.
You worshipped Beogh.
Beogh was extremely pleased with you.
You were full.

You visited 1 branch

Inventory:

Hand Weapons
 t - a +2 war axe of freezing (weapon)
Armour
 a - a +4 chain mail (worn)
 c - a +0 shield (worn)
Jewellery
 b - a +3 ring of evasion (left hand)
 h - a +3 ring of strength (right hand)
Scrolls
 k - a scroll of blinking
 m - 3 scrolls of remove curse
 n - 5 scrolls of amnesia
 o - a scroll of summoning
Potions
 d - 5 potions of curing
 i - 4 potions of magic
 j - 3 potions of berserk rage
 l - a potion of invisibility
 r - 2 potions of brilliance
Comestibles
 f - 8 bread rations
 p - 40 fruits
 q - 5 meat rations


   Skills:
 + Level 14.5 Fighting
 + Level 15.3 Axes
 + Level 13.4 Armour
 + Level 13.3 Shields
 + Level 14.8 Invocations


You had 10 spell levels left.
You didn't know any spells.

Dungeon Overview and Level Annotations

Branches:
Dungeon (1/1)

Altars:
Ashenzari
Cheibriados
Dithmenos
Elyvilon
Fedhas
Gozag
Hepliaklqana
Kikubaaqudgha
Makhleb
Nemelex Xobeh
Okawaru
Qazlal
Ru
Sif Muna
Trog
Uskayaw
Vehumet
Wu Jian
Xom
Yredelemnul
Zin
The Shining One
Beogh
Jiyva
Lugonu

Annotations:
D Harold


Message History

The orc warrior hits you but does no damage.
You block the eidolon's attack. The eidolon closely misses you.
Unknown command.
Unknown command.
Aiming: Smiting
Press: ? - help, Dir - move target cursor, f/p - eidolon Smite: an eidolon (heavily damaged)
You smite the eidolon!
The eidolon is almost destroyed.
* * * LOW HITPOINT WARNING * * *
You feel very sick. Something hits you!
* * * LOW HITPOINT WARNING * * *
You block the eidolon's attack. x2
Harold hits you from afar with a halberd of venom!
* * * LOW HITPOINT WARNING * * *
The orc warrior hits you with a mace.
* * * LOW HITPOINT WARNING * * *
Something hits you!
You die...

## # ########### #
#.........# . #
#.).....# .# #
####.†.######## ##...
###..'...+..##..##.....
##....##+##.....##@.....
#....##...##.).o#oW)....
'..).+.....+..(o@We.....
#....##)))##÷.()#{o.....
##....##'##.....##M.....
###..'...().##..##.....
####...######## ##... #
#.......# .# #
#.........# . #
###########


You could see Harold, an eidolon, a deep elf mage, a hungry ghost, an orc
warrior, a mummy, an orc wizard, a friendly orc knight and the friendly Ogrik
the orc knight.

Vanquished Creatures
  A merfolk impaler (D)
  2 death yaks (D)
  Urug (D)
  A flayed ghost (D)
  A lindwurm (D)
  A black mamba (D)
  An orange demon (D)
  A freezing wraith (D)
  A demonic crawler (D)
  2 kobold demonologists (D)
  A guardian mummy (D)
  2 merfolk (D)
  A tyrant leech (D)
  2 slime creatures (D)
  A polar bear (D)
  A hippogriff (D)
  A flying skull (D)
  Edmund (D)
  A floating eye (D)
  A black bear (D)
  An ice beast (D)
  A necrophage (D)
  A crocodile (D)
  2 gnoll sergeants (D)
  3 killer bees (D)
  An orc wizard (D)
  3 worker ants (D)
  7 gnolls (D)
  A river rat (D)
  2 adders (D)
  A worm (D)
  An adder simulacrum (D)
  A leopard gecko (D)
  A giant cockroach (D)
  A hobgoblin (D)
  3 jackals (D)
  A quokka (D)
  2 bats (D)
  A giant cockroach zombie (D)
58 creatures vanquished.

Vanquished Creatures (collateral kills)
  A slime creature (D)
  A big kobold (D)
  3 killer bees (D)
  A crimson imp (D)
  2 gnolls (D)
  A rat (D)
9 creatures vanquished.

Vanquished Creatures (others)
  2 orc warriors (D)
  An orc wizard (D)
  An orc priest (D)
  A hell rat (D)
  7 orcs (D)
12 creatures vanquished.

Grand Total: 79 creatures vanquished

Notes
Turn   | Place    | Note
-------+----------+-------------------------------------------
     0 | D        | potatolord6000 the Hill Orc Fighter began the quest for the Orb.
     0 | D        | Reached XP level 1. HP: 19/19 MP: 1/1
    13 | D        | Reached skill level 3 in Axes
    43 | D        | Found a bloodstained altar of Trog.
    43 | D        | Found a deep blue altar of Sif Muna.
    43 | D        | Found a viscous altar of Jiyva.
    43 | D        | Found a hazy altar of Hepliaklqana.
    43 | D        | Found an opulent altar of Gozag.
    44 | D        | Found a glowing golden altar of the Shining One.
    44 | D        | Found a glowing silver altar of Zin.
    44 | D        | Found a basalt altar of Yredelemnul.
    44 | D        | Found a shimmering altar of Xom.
    44 | D        | Found an ornate altar of the Wu Jian Council.
    44 | D        | Found a sacrificial altar of Ru.
    44 | D        | Found a stormy altar of Qazlal.
    44 | D        | Found an iron altar of Okawaru.
    44 | D        | Found a sparkling altar of Nemelex Xobeh.
    44 | D        | Found a burning altar of Makhleb.
    44 | D        | Found a blossoming altar of Fedhas.
    44 | D        | Found a white marble altar of Elyvilon.
    44 | D        | Found a shadowy altar of Dithmenos.
    44 | D        | Found a snail-covered altar of Cheibriados.
    46 | D        | Found a radiant altar of Vehumet.
    46 | D        | Found a corrupted altar of Lugonu.
    46 | D        | Found a roughly hewn altar of Beogh.
    47 | D        | Found a hide-covered altar of Uskayaw.
    47 | D        | Found an ancient bone altar of Kikubaaqudgha.
    47 | D        | Found a shattered altar of Ashenzari.
    56 | D        | Became a worshipper of Beogh the Brigand
    74 | D        | Noticed a worker ant
    80 | D        | Reached * piety under Beogh
    80 | D        | Reached skill level 1 in Invocations
    84 | D        | Killed a worker ant
    84 | D        | Reached skill level 5 in Fighting
    84 | D        | Reached skill level 4 in Axes
    84 | D        | Reached XP level 2. HP: 23/29 MP: 2/4
    84 | D        | Reached XP level 3. HP: 29/36 MP: 2/5
   229 | D        | Reached ** piety under Beogh
   433 | D        | Noticed a floating eye
   436 | D        | Noticed Edmund
   438 | D        | Paralysed by a floating eye for 2 turns
   444 | D        | Killed a floating eye
   444 | D        | Reached skill level 6 in Axes
   444 | D        | Reached skill level 5 in Shields
   444 | D        | Reached skill level 5 in Invocations
   444 | D        | Reached XP level 4. HP: 35/45 MP: 5/8
   444 | D        | Reached XP level 5. HP: 40/51 MP: 5/9
   444 | D        | Reached *** piety under Beogh
   449 | D        | Killed Edmund
   449 | D        | Reached skill level 7 in Axes
   449 | D        | Reached XP level 6. HP: 49/61 MP: 5/11
   519 | D        | Noticed an ice beast
   536 | D        | Killed an ice beast
   536 | D        | Reached skill level 8 in Axes
   557 | D        | Reached **** piety under Beogh
   588 | D        | Noticed a lindwurm
   590 | D        | Killed a lindwurm
   590 | D        | Reached skill level 10 in Fighting
   590 | D        | Reached skill level 10 in Axes
   590 | D        | Reached XP level 7. HP: 44/72 MP: 9/14
   590 | D        | Reached XP level 8. HP: 48/79 MP: 9/15
   607 | D        | Reached ***** piety under Beogh
   759 | D        | Noticed a kobold demonologist
   761 | D        | Killed a kobold demonologist
   761 | D        | Reached skill level 10 in Invocations
   765 | D        | Reached skill level 11 in Axes
   888 | D        | Noticed a tyrant leech
   892 | D        | Killed a tyrant leech
   897 | D        | Reached skill level 10 in Armour
   959 | D        | Noticed a freezing wraith
   959 | D        | Noticed an orange demon
   964 | D        | Killed a freezing wraith
   964 | D        | Reached skill level 10 in Shields
   964 | D        | Reached XP level 9. HP: 81/89 MP: 10/17
   966 | D        | Killed an orange demon
   966 | D        | Gained Ogrik as an ally
   966 | D        | Reached skill level 12 in Axes
  1106 | D        | Noticed a kobold demonologist
  1106 | D        | Noticed a black mamba
  1109 | D        | Killed a kobold demonologist
  1113 | D        | Killed a black mamba
  1196 | D        | Noticed a demonic crawler
  1202 | D        | Killed a demonic crawler
  1202 | D        | Reached skill level 13 in Axes
  1270 | D        | Noticed a flayed ghost
  1273 | D        | Reached XP level 10. HP: 99/99 MP: 19/19
  1277 | D        | Killed a flayed ghost
  1282 | D        | Reached ****** piety under Beogh
  1286 | D        | Noticed a death yak
  1303 | D        | Killed a death yak
  1540 | D        | Noticed a merfolk impaler
  1549 | D        | Reached skill level 14 in Axes
  1554 | D        | Killed a merfolk impaler
  1788 | D        | Noticed an orc knight
  1795 | D        | Noticed Urug
  1806 | D        | Reached XP level 11. HP: 110/110 MP: 16/21
  1813 | D        | Killed Urug
  1813 | D        | Reached skill level 15 in Axes
  2094 | D        | Noticed a death yak
  2096 | D        | Noticed Harold
  2096 | D        | Noticed a deep elf mage
  2106 | D        | Noticed an eidolon
  2108 | D        | Killed a death yak
  2117 | D        | Slain by a shadow wraith

Vault maps used:
D:        pitsprint

Skill      XL: |  1  2  3  4  5  6  7  8  9 10 11 |
---------------+----------------------------------+-----
Axes           | 4 6 7 10 11 13 14 15 | 15.3
Fighting       | 5 6 7 10 11 12 14 | 14.5
Invocations    | 2 5 7 9 11 12 14 | 14.8
Armour         | 4 6 7 9 10 11 12 13 | 13.4
Shields        | 4 5 6 8 10 11 12 13 | 13.3

Action                   |  1- 3 |  4- 6 |  7- 9 | 10-12 || total
-------------------------+-------+-------+-------+-------++-------
Melee: War axe           |    36 |    33 |    52 |    66 ||   187
Invok: Smiting           |       |     1 |    18 |     9 ||    28
       Resurrection      |       |       |       |     2 ||     2
  Use: Potion            |     5 |       |       |    12 ||    17
 Stab: Invisible         |     1 |     2 |       |       ||     3
  Eat: Meat ration       |       |       |     2 |       ||     2
Armor: Scale mail        |    13 |       |       |       ||    13
       Chain mail        |       |    18 |    31 |    23 ||    72
Dodge: Dodged            |    18 |     6 |    19 |    47 ||    90
Block: Shield            |    21 |    17 |    38 |    52 ||   128

Table legend:
 A = Spawn XP
 B = Non-spawn XP
 C = Spawn XP percentage of total XP
 D = Spawn monster count
 E = Non-spawn monster count
 F = Spawn count percentage of total count
 G = Total turns spent on level
                    A         B        C        D         E        F      G
               +---------+---------+-------+---------+---------+-------+---------
         Total |       0 |   11496 |   0.0 |       0 |      69 |   0.0 |  2117
               +---------+---------+-------+---------+---------+-------+---------
             D |       0 |   11496 |   0.0 |       0 |      69 |   0.0 |  2117
               +---------+---------+-------+---------+---------+-------+---------
